 Dungeon Crawl Stone Soup version 0.28.0 (webtiles) character file.

Game seed: 18022158528608274440

513 themarg the Skirmisher (level 7, 0/61 HPs)
             Began as a Minotaur Monk on Feb 5, 2022.
             Was a Priest of Nemelex Xobeh.
             Succumbed to a gnoll's poison
             ... on level 5 of the Dungeon.
             The game lasted 00:40:17 (5644 turns).

themarg the Skirmisher (Minotaur Monk)              Turns: 5644, Time: 00:40:23

Health: 0/61       AC:  7    Str: 17    XL:     7   Next: 0%
Magic:  6/6        EV:  8    Int:  7    God:    Nemelex Xobeh [***...]
Gold:   147        SH: 11    Dex: 13    Spells: 6/6 levels left

rFire   . . .      SeeInvis .   q - +7 club (spect)
rCold   . . .      Faith    .   x - +0 tower shield
rNeg    . . .      Spirit   .   y - +0 ring mail
rPois   .          Reflect  .   (helmet restricted)
rElec   .          Harm     .   (no cloak)
rCorr   .          Rampage  .   (no gloves)
Will    .....                   p - +0 pair of boots
Stlth   +.........              (no amulet)
HPRegen 0.20/turn               (no ring)
MPRegen 0.10/turn               (no ring)

@: lethally poisoned (0 -> -4)
A: horns 2, retaliatory headbutt
a: Renounce Religion, Draw Escape, Draw Destruction, Draw Summoning, Triple Draw


You were on level 5 of the Dungeon.
You worshipped Nemelex Xobeh.
Nemelex Xobeh was most pleased with you.
You visited 1 branch of the dungeon, and saw 5 of its levels.

You collected 187 gold pieces.
You spent 40 gold pieces at shops.

Inventory:

Hand Weapons
 a - a +0 hand axe
 e - a +0 whip
 g - a +0 mace
 n - a +0 spear
 q - a +7 spectral club (weapon)
 u - a +0 falchion
Missiles
 l - 67 stones (quivered)
Armour
 b - a +0 robe
 f - a +0 leather armour
 p - a +0 pair of boots (worn)
 r - a +0 animal skin
 s - a +0 helmet
 x - a +0 tower shield (worn)
 y - a +0 ring mail (worn)
 D - a +0 scale mail
Wands
 w - a wand of mindburst (9)
Scrolls
 i - a scroll of summoning {unknown}
 j - a scroll of vulnerability {unknown}
 m - a scroll of teleportation {unknown}
 t - a scroll of amnesia {unknown}
 v - a scroll of fog {unknown}
 A - 2 scrolls of acquirement {unknown}
 B - a scroll of identify {unknown}
 C - a scroll of torment {unknown}
Potions
 c - a potion of curing {unknown}
 d - a potion of cancellation {unknown}
 k - a potion of mutation {unknown}
 o - a potion of ambrosia {unknown}
 z - 2 potions of resistance {unknown}


   Skills:
 + Level 5.0 Fighting
 + Level 4.6(5.0) Axes
 + Level 2.8(4.1) Polearms
 + Level 0.9 Throwing
 + Level 3.9 Armour
 + Level 4.9 Dodging
 + Level 2.2 Stealth
 + Level 2.1 Shields


You had 6 spell levels left.
You didn't know any spells.
Your spell library contained the following spells:

 Spells                   Type           Power      Damage    Failure   Level
 Animate Skeleton         Necr           0%         N/A       100%        1
 Apportation              Tloc           0%         N/A       100%        1
 Pain                     Necr           0%         1d4       100%        1
 Gell's Gravitas          Tloc           0%         N/A       100%        3
 Lesser Beckoning         Tloc           0%         N/A       100%        3
 Ozocubu's Armour         Ice            0%         N/A       100%        3
 Teleport Other           Tloc           0%         N/A       100%        3
 Vampiric Draining        Necr           0%         2d6       100%        3
 Metabolic Englaciation   Hex/Ice        0%         N/A       100%        5
 Simulacrum               Ice/Necr       0%         N/A       100%        6


Dungeon Overview and Level Annotations

Branches:
Dungeon (5/15)
 Temple: D:4-7

Altars:
Nemelex Xobeh

Shops:
D:4 [

Annotations:
D:3 Sigmund
D:4 exclusion: steam dragon


Innate Abilities, Weirdness & Mutations

You have a pair of horns on your head.
You reflexively headbutt those who attack you in melee.


Message History

Your +7 spectral club hits the orc priest!
The orc priest hits your +7 spectral club but does no damage.
You closely miss the orc priest.
The orc priest is severely wounded.
Your +7 spectral club hits the orc priest.
You kill the orc priest!
You have reached level 7!
You start resting.
You start resting.
A kobold comes into view. It is wielding a +1 dagger of venom.
There is a stone staircase leading down here.
You climb downwards.
The gnoll shouts! x2
The gnoll barely misses you. You block the gnoll's attack.
An iguana comes into view.
You block the gnoll's attack. The gnoll hits you but does no damage.
You block the gnoll shaman's attack.
Found three items.
There is a stone staircase leading up here.
You can't go down here!
The iguana hisses angrily.
The gnoll barely misses you. You block the gnoll's attack.
The gnoll hits you but does no damage.
You are lethally poisoned!
The gnoll shaman closely misses you. You furiously retaliate!
You headbutt the gnoll shaman, but do no damage.
You climb upwards.
Level annotation: exclusion: steam dragon
* * * LOW HITPOINT WARNING * * *
You feel very sick.
There is a stone staircase leading down here.
You can't go up here!
* * * LOW HITPOINT WARNING * * *
You feel sick. You block the gnoll's attack. The gnoll hits you with a +0 whip.
* * * LOW HITPOINT WARNING * * *
The gnoll shaman hits you with a +0 club.
* * * LOW HITPOINT WARNING * * *
You climb downwards.
You die...
Your body glows with a rainbow of weird colours and disappears.

..#.# #.#
..##.# #.# #
.## #.# #.#l#
.. #.# # #.#.#
# #.#.#?##.#
#.#......
#.....#####
#.g@g......
#.?..g.l######
#.......#
#......g.
####....g.
........
[........#
#.........#


You could see a gnoll shaman, 2 iguanas and 4 gnolls.

Vanquished Creatures
  A black bear (D:5)
  A scorpion (D:4)
  A howler monkey (D:3)
  A hound (D:5)
  3 orc priests (D:4)
  An iguana (D:5)
  A hound skeleton (D:4)
  Robin (D:1)
  3 gnolls (D:2)
  4 adders
  2 worms
  A dart slug (D:4)
  10 orcs
  7 endoplasms
  3 giant cockroaches
  8 goblins
  7 hobgoblins
  4 jackals (D:3)
  6 kobolds
  4 quokkas
  5 bats
  3 frilled lizards
  5 rats
82 creatures vanquished.

Vanquished Creatures (others)
  2 fungi (D:3)
  3 plants (D:3)
5 creatures vanquished.

Grand Total: 87 creatures vanquished

Notes
Turn   | Place    | Note
-------+----------+-------------------------------------------
     0 | D:1      | themarg the Minotaur Monk began the quest for the Orb.
     0 | D:1      | Reached XP level 1. HP: 19/19 MP: 0/0
   249 | D:1      | Reached XP level 2. HP: 27/27 MP: 1/1
   986 | D:2      | Reached skill level 4 in Fighting
   986 | D:2      | Reached XP level 3. HP: 33/33 MP: 2/2
  1046 | D:2      | Reached skill level 1 in Armour
  1497 | D:3      | Noticed Robin
  1571 | D:3      | Reached XP level 4. HP: 17/40 MP: 3/3
  1733 | D:1      | Killed Robin
  3503 | D:3      | Reached XP level 5. HP: 41/47 MP: 4/4
  3719 | D:3      | Found a faded altar of an unknown god.
  3743 | D:3      | Got Plato's Grimoire of the Voyage
  3752 | D:3      | Prayed at the altar of an unknown god.
  3752 | D:3      | Became a worshipper of Nemelex Xobeh the Trickster
  3752 | D:3      | Reached * piety under Nemelex Xobeh
  3752 | D:3      | Received a gift from Nemelex Xobeh
  3752 | D:3      | Reached ** piety under Nemelex Xobeh
  4532 | D:3      | Noticed Sigmund
  4573 | D:4      | Reached skill level 1 in Polearms
  4788 | D:4      | Noticed a black bear
  4923 | D:5      | Entered Level 5 of the Dungeon
  4925 | D:5      | Killed a black bear
  4926 | D:5      | Reached skill level 1 in Shields
  4926 | D:5      | Reached XP level 6. HP: 24/53 MP: 5/5
  5341 | D:4      | Noticed a steam dragon
  5485 | D:4      | Found Yritaixoe's Armour Shoppe.
  5500 | D:4      | Bought a +0 scale mail for 40 gold pieces
  5574 | D:4      | Reached *** piety under Nemelex Xobeh
  5585 | D:4      | Reached skill level 5 in Fighting
  5605 | D:4      | HP: 1/56 [orc priest/divine providence (7)]
  5612 | D:4      | Reached XP level 7. HP: 3/61 MP: 6/6
  5643 | D:4      | HP: 2/61 [gnoll (3)]
  5644 | D:5      | Succumbed to a gnoll's poison

Illustrated notes

Levels and vault maps discovered:
D:1:      amcnicky_arrival_feature_with_door, layout_loops_cross
D:2:      layout_loops_ring
D:3:      layout_loops_ring, shapermc_ecumenical_altar_rom_forum, st_stairs_8,
          uniq_sigmund, uniq_robin
D:4:      layout_loops_cross, serial_shops, nicolae_lakefront_shop
D:5:      layout_rooms, temple_hall, mrwooster_statue_mirror

Skill      XL: |  1  2  3  4  5  6 |
---------------+-------------------+-----
Axes           | 4 |  4.6
Fighting       | 4 5 |  5.0
Armour         | 1 2 3 |  3.9
Dodging        | 4 |  4.9
Stealth        | 2 |  2.2
Polearms       | 1 2 |  2.8
Shields        | 1 2 |  2.1
Throwing       | |  0.9

Action                   |  1- 3 |  4- 6 |  7- 9 || total
-------------------------+-------+-------+-------++-------
Melee: Hand axe          |    88 |     5 |       ||    93
       Headbutt          |     5 |    27 |       ||    32
       Punch             |     2 |       |       ||     2
       Spear             |       |   123 |       ||   123
       Club              |       |    22 |       ||    22
Throw: Stone             |     1 |     5 |       ||     6
Invok: Draw Destruction  |       |     3 |       ||     3
       Draw Escape       |       |     2 |       ||     2
  Use: Potion            |       |     2 |       ||     2
 Stab: Sleeping          |     2 |     2 |       ||     4
Armor: Leather armour    |    29 |    12 |       ||    41
       Robe              |     1 |       |       ||     1
       Ring mail         |       |    43 |     2 ||    45
Dodge: Dodged            |    66 |   104 |     3 ||   173
Block: Tower shield      |       |    87 |     5 ||    92
